 Dungeon Crawl Stone Soup version 0.30-a0-916-g98134172ad (console) character file.

Game seed: 14570181108325050848

251 Ignak the Ogre Mage (level 6, -6/58 HPs)
             Began as an Ogre Hedge Wizard on Mar 20, 2023.
             Was an Initiate of Okawaru.
             Killed by nerve-wracking pain
             ... invoked by a shadow imp
              (8 damage)
             ... on level 5 of the Dungeon.
             The game lasted 00:12:13 (4669 turns).

Ignak the Ogre Mage (Ogre Hedge Wizard)             Turns: 4669, Time: 00:12:14

Health: -6/58      AC:  5    Str: 15      XL:     6   Next: 13%
Magic:  5/12       EV:  9    Int: 21 (23) God:    Okawaru [......]
Gold:   43         SH:  0    Dex:  7 (8)  Spells: 1/13 levels left

rFire   . . .      SeeInvis .    v - +1 hand axe (elec)
rCold   . . .      Faith    .    (no shield)
rNeg    . . .      Spirit   .    b - +0 robe
rPois   .          Reflect  .    c - +2 hat
rElec   .          Rampage  .    (no cloak)
rCorr   .                        (gloves unavailable)
Will    +....                    (boots unavailable)
Stlth   +                        (no amulet)
HPRegen 0.29/turn                g - ring of willpower
MPRegen 0.13/turn                j - +6 ring of intelligence

@: no status effects
A: large, unfitting armour, tough skin 1
a: Renounce Religion


You were on level 5 of the Dungeon.
You worshipped Okawaru.
Okawaru was noncommittal.
You visited 2 branches of the dungeon, and saw 6 of its levels.

You collected 260 gold pieces.
You spent 217 gold pieces at shops.

Inventory:

Hand Weapons
 v - a +1 hand axe of electrocution (weapon)
Armour
 b - a +0 robe (worn)
 c - a +2 hat (worn)
Magical Staves
 k - a staff of death
Jewellery
 a - a +4 ring of protection
 g - a ring of willpower (left hand)
 j - a +6 ring of intelligence (right hand)
Wands
 y - a wand of paralysis (9)
Scrolls
 e - a scroll of enchant weapon {unknown}
 f - a scroll of amnesia
 h - a scroll of summoning
 l - a scroll of vulnerability
 n - a scroll of immolation
 o - a scroll of blinking
 p - 2 scrolls of teleportation
 r - a scroll of magic mapping {unknown}
 w - a scroll of fog {unknown}
Potions
 d - a potion of magic
 i - 2 potions of curing {unknown}
 m - a potion of flight {unknown}
 q - a potion of invisibility {unknown}
 s - 2 potions of heal wounds
 t - a potion of might {unknown}
 u - a potion of haste {unknown}
 x - 2 potions of cancellation {unknown}
 z - a potion of ambrosia {unknown}
 A - a potion of attraction {unknown}


   Skills:
 + Level 2.3 Fighting
 * Level 0.9(1.1) Axes
 - Level 0.8(1.0) Maces & Flails
 + Level 1.4 Armour
 + Level 2.4 Dodging
 - Level 1.4 Stealth
 + Level 4.2 Spellcasting
 + Level 2.0 Conjurations
 - Level 0.8 Summonings
 + Level 1.8 Translocations
 + Level 1.3 Air Magic
 + Level 1.1 Poison Magic
 + Level 0.2 Invocations


You had one spell level left.
You knew the following spells:

 Your Spells              Type           Power      Damage    Failure   Level
a - Magic Dart            Conj           52%        1d5       4%          1
b - Blink                 Tloc           24%        N/A       9%          2
d - Mephitic Cloud        Conj/Pois/Air  10%        N/A       19%         3
e - Call Imp              Summ           8%         N/A       12%         2
f - Iskenderun's Mystic   Conj/Tloc      12%        2d5       45%         4

Your spell library contained the following spells:

 Spells                   Type           Power      Damage    Failure   Level
 Slow                     Hex            16%        N/A       12%         1
 Cigotuvi's Dreadful Rot  Necr/Pois/Air  14%        N/A       13%         2
 Dazzling Flash           Conj/Hex       16%        N/A       22%         3
 Starburst                Conj/Fire      4%         6d3       100%        6


Dungeon Overview and Level Annotations

Branches:
Dungeon (5/15)             Temple (1/1) D:4

Altars:
Cheibriados
Elyvilon
Fedhas
Gozag
Nemelex Xobeh
Okawaru
Qazlal
Ru
Trog
Uskayaw
Vehumet
Wu Jian
Yredelemnul
Zin
The Shining One

Shops:
D:3 *


Innate Abilities, Weirdness & Mutations

You are too large for most types of armour.
You have tough skin. (AC +1)


Message History

Casting: Mephitic Cloud (dangerous; 19% risk of failure)
Confirm with . or Enter, or press ? or * to list all spells.
You blink.
Casting: Blink (safe; 9% risk of failure)
Confirm with . or Enter, or press ? or * to list all spells.
Aiming: Mephitic Cloud (dangerous; 19% risk of failure)
Press: ? - help, Shift-Dir - straight line, p - orc priest The ball explodes into a vile cloud!
The stinking cloud engulfs something but does no damage.
The stinking cloud engulfs the orc priest but does no damage.
The orc priest is lightly wounded.
The stinking cloud engulfs the ogre but does no damage.
The stinking cloud engulfs you but does no damage.
You are engulfed in noxious fumes.
Something shouts, "Slither hence, thou euchred flap-mouthed toady!"
You hear an angry hiss. x2
The orc priest closely misses you. The ogre barely misses you.
The orc priest hits you from afar with a +0 trident.
A shadow imp comes into view.
The orc priest invokes the aid of Beogh against you.
Beogh smites you!
You feel stable enough to blink again.
The shadow imp shouts!
Casting: Mephitic Cloud (dangerous; 19% risk of failure)
Confirm with . or Enter, or press ? or * to list all spells.
Aiming: Mephitic Cloud (dangerous; 19% risk of failure)
Press: ? - help, Shift-Dir - straight line The ball explodes into a vile cloud!
The stinking cloud engulfs the orc priest but does no damage.
The orc priest is lightly wounded.
The stinking cloud engulfs the ogre but does no damage.
The ogre attacks as you move away!
The ogre hits you with a +0 giant spiked club!!
* * * LOW HITPOINT WARNING * * *
An iguana comes into view.
Found three items.
The iguana hisses angrily.
The shadow imp gestures at you. Pain shoots through your body!
You die...

#............#......
#............###.##.
#.......(.....##.##
#.................###
...........#.###....5
...........#.......###
##..#####.##.#...5...##.
#..## ##....o○.#.......
#.######.)..°○○.@.......
........†...○.O.#.......
########.########......?
# #......# ....... #
#......# ....... #
#......# [l..... #
#......... .......
#......#### ..?....
#......#


You could see an ogre, an iguana, an orc priest and a shadow imp.

Vanquished Creatures
  An orc priest (D:3)
  An iguana (D:5)
  A gnoll (D:2)
  An adder (D:4)
  2 worms (D:4)
  A dart slug (D:1)
  10 orcs
  8 bats
  3 endoplasms
  4 giant cockroaches
  7 goblins
  5 hobgoblins
  6 jackals
  6 kobolds
  A quokka (D:2)
  9 ball pythons
  3 frilled lizards
  5 rats
74 creatures vanquished.

Vanquished Creatures (collateral kills)
  4 adders
  2 gnolls (D:2)
  2 orcs
  2 ball pythons
  2 endoplasms (D:4)
  3 goblins (D:4)
  3 hobgoblins
  A quokka (D:2)
  2 bats (D:2)
  A kobold (D:3)
  A rat (D:2)
23 creatures vanquished.

Grand Total: 97 creatures vanquished

Notes
Turn   | Place    | Note
-------+----------+-------------------------------------------
     0 | D:1      | Ignak the Ogre Hedge Wizard began the quest for the Orb.
     0 | D:1      | Reached XP level 1. HP: 16/16 MP: 5/5
    96 | D:1      | Reached skill level 1 in Conjurations
    96 | D:1      | Reached skill level 1 in Translocations
   180 | D:1      | Reached XP level 2. HP: 26/26 MP: 4/6
   192 | D:1      | Learned a level 2 spell: Blink
   195 | D:1      | Learned a level 2 spell: Call Imp
   577 | D:1      | Reached skill level 1 in Fighting
   771 | D:1      | Reached XP level 3. HP: 33/33 MP: 5/8
  1069 | D:2      | Learned a level 3 spell: Mephitic Cloud
  1137 | D:2      | Found a sacrificial altar of Ru.
  1220 | D:2      | Reached XP level 4. HP: 41/41 MP: 4/9
  1708 | D:2      | Found a faded altar of an unknown god.
  1950 | D:2      | Reached skill level 4 in Spellcasting
  2223 | D:3      | Reached skill level 1 in Armour
  2411 | D:3      | Reached skill level 1 in Air Magic
  2489 | D:3      | Reached XP level 5. HP: 33/49 MP: 7/11
  3657 | D:3      | Found Ettop's Assorted Antiques.
  3662 | D:3      | Bought a scroll labelled MIGOINKU UHALAIM for 22 gold
                  | pieces
  3662 | D:3      | Bought a scroll labelled ENEECR JIK MYICW for 22 gold
                  | pieces
  3662 | D:3      | Bought a glowing hand axe for 132 gold pieces
  3662 | D:3      | Bought a fuming purple potion for 19 gold pieces
  3662 | D:3      | Bought a scroll labelled GYZ ACVEWONUCE for 22 gold pieces
  3769 | D:4      | Reached skill level 1 in Poison Magic
  3928 | D:4      | Found a blossoming altar of Fedhas.
  4024 | D:4      | Learned a level 4 spell: Iskenderun's Mystic Blast
  4167 | D:4      | Found a staircase to the Ecumenical Temple.
  4358 | Temple   | Entered the Ecumenical Temple
  4468 | Temple   | Became a worshipper of Warmaster Okawaru
  4523 | D:5      | Entered Level 5 of the Dungeon
  4554 | D:5      | Reached XP level 6. HP: 51/58 MP: 12/12
  4669 | D:5      | HP: 1/58 [ogre/+0 giant spiked club (28)]
  4669 | D:5      | Killed from afar by a shadow imp

Illustrated notes

Levels and vault maps discovered:
D:1:      eino_arrival_water_cross, layout_basic
D:2:      layout_basic, basic_altar,
          hellmonk_ecumenical_altar_pennies_from_heaven, minmay_curled_crystal,
          roderic_roman_lattice, roderic_serpentine_path
D:3:      layout_loops_corners, serial_shops, nicolae_shop_statue_plus,
          kennysheep_small_spiral, minmay_quadrilaterals
D:4:      layout_cave_pools, mainiacjoe_overflow_concentric_impassable,
          minmay_temple_entry_nine_rooms
D:5:      layout_rooms
Temple:   jpeg_temple_clearing

Skill      XL: |  1  2  3  4  5 |
---------------+----------------+-----
Conjurations   | 1 2 |  2.0
Translocations | 1 |  1.8
Dodging        | 2 |  2.4
Fighting       | 1 2 |  2.3
Spellcasting   | 4 |  4.2
Armour         | 1 |  1.4
Air Magic      | 1 |  1.3
Poison Magic   | 1 |  1.1
Axes           | |  0.9
Maces & Flails | |  0.8
Stealth        | |  1.4
Summonings     | |  0.8
Invocations    | |  0.2

Action                     |  1- 3 |  4- 6 || total
---------------------------+-------+-------++-------
  Melee: Dagger            |     9 |       ||     9
         Staff             |    29 |    48 ||    77
         Short sword       |     6 |       ||     6
         Hand axe          |       |   134 ||   134
         Club              |       |    23 ||    23
   Cast: Magic Dart        |    28 |     5 ||    33
         Call Imp          |     4 |    21 ||    25
         Mephitic Cloud    |       |     9 ||     9
         Blink             |       |     2 ||     2
    Use: Scroll            |       |    12 ||    12
         Potion            |       |     3 ||     3
   Stab: Sleeping          |     1 |     3 ||     4
         Confused          |       |     1 ||     1
 Armour: Robe              |    13 |   100 ||   113
  Dodge: Dodged            |    23 |   139 ||   162

Table legend: (Time is in decaauts)
 A = Elapsed time spent in this place.
 B = Non-inter-level travel time spent in this place.
 C = Inter-level travel time spent in this place.
 D = Time resting spent in this place.
 E = Time spent auto-exploring this place.
 F = Levels seen in this place.
 G = Mean time per level.
                   A        B        C        D        E       F      G
               +--------+--------+--------+--------+--------+-----+--------+
         Total |   4721 |   4496 |    225 |    362 |   2795 |   6 |  786.8 |
       Dungeon |   4579 |   4384 |    195 |    362 |   2714 |   5 |  915.8 |
        Temple |    141 |    112 |     29 |      0 |     81 |   1 |  141.0 |
               +--------+--------+--------+--------+--------+-----+--------+

Top non-repeatable levels by time:
     D:3: 1541 daAuts
     D:2: 1141 daAuts
     D:1: 1065 daAuts
     D:4: 679 daAuts
     D:5: 152 daAuts
  Temple: 141 daAuts
